 Dungeon Crawl Stone Soup version 0.27.1-34-g3ba077fa99 (webtiles) character file.

Game seed: 13506535036602148558

82 cbfl8 the Covered (level 4, -2/35 HPs)
             Began as a Minotaur Wanderer on Jan 19, 2022.
             Slain by a gnoll (5 damage)
             ... on level 3 of the Dungeon.
             The game lasted 00:03:11 (1933 turns).

cbfl8 the Covered (Minotaur Wanderer)               Turns: 1933, Time: 00:03:12

Health: -2/35      AC:  7    Str: 18 (19) XL:     4   Next: 21%
Magic:  4/4        EV: 10    Int:  6 (8)  God:
Gold:   134        SH:  0    Dex:  7 (9)  Spells: 5/5 levels left

rFire    . . .     SeeInvis .   a - +0 club
rCold    . . .     Faith    .   (no shield)
rNeg     . . .     Spirit   .   f - +2 ring mail {Will+}
rPois    .         Reflect  .   (helmet restricted)
rElec    .         Harm     .   (no cloak)
rCorr    .         Rampage  .   (no gloves)
Will     +....                  (no boots)
Stlth    ..........             (no amulet)
HPRegen  0.11/turn              (no ring)
MPRegen  0.09/turn              (no ring)

@: attractive
A: horns 2, retaliatory headbutt
a: no special abilities


You were on level 3 of the Dungeon.
You visited 1 branch of the dungeon, and saw 3 of its levels.

You collected 134 gold pieces.

Inventory:

Hand Weapons
 a - a +0 club (weapon)
Armour
 b - a +0 ring mail
 f - a +2 ring mail of willpower (worn)
Magical Staves
 g - a staff of poison
Scrolls
 k - a scroll of immolation


   Skills:
 + Level 1.4 Fighting
 + Level 2.2 Maces & Flails
 + Level 1.1 Throwing
 + Level 3.6 Armour
 + Level 0.6 Dodging
 + Level 1.1 Spellcasting
 + Level 1.9 Summonings
 + Level 1.5 Ice Magic
 + Level 1.0 Evocations


You had 5 spell levels left.
You didn't know any spells.
Your spell library contained the following spells:

 Spells                   Type           Power      Damage    Failure   Level
 Summon Small Mammal      Summ           8%         N/A       34%         1
 Freeze                   Ice            8%         1d3       38%         1
 Animate Skeleton         Necr           0%         N/A       61%         1
 Corona                   Hex            0%         N/A       61%         1
 Pain                     Necr           0%         1d4       61%         1
 Call Canine Familiar     Summ           2%         N/A       71%         3
 Blink                    Tloc           N/A        N/A       75%         2
 Frozen Ramparts          Ice            4%         1d2       77%         3
 Ozocubu's Armour         Ice            2%         N/A       77%         3
 Summon Guardian Golem    Hex/Summ       1%         N/A       83%         3
 Lesser Beckoning         Tloc           0%         N/A       93%         3
 Tukima's Dance           Hex            0%         N/A       93%         3
 Vampiric Draining        Necr           0%         2d6       93%         3
 Hailstorm                Conj/Ice       1%         3d3       99%         4
 Manifold Assault         Tloc           0%         N/A       100%        5


Dungeon Overview and Level Annotations

Branches:
Dungeon (3/15)

Altars:


Innate Abilities, Weirdness & Mutations

You have a pair of horns on your head.
You reflexively headbutt those who attack you in melee.


Message History

You feel sick.
The adder bites you but does no damage. x2
You hit the adder.
The adder is heavily wounded.
You feel sick. The adder barely misses you.
It was a potion of attraction.
You feel attractive to monsters.
You feel sick. The adder barely misses you. You furiously retaliate!
You headbutt the adder!
You kill the adder!
It was a potion of magic.
Magic courses through your body.
You feel sick. The gnoll hits you with a +0 club.
It was a potion of degeneration.
There was something very wrong with that liquid.
You feel weakened.
You feel dopey.
You feel clumsy.
You feel sick. The gnoll hits you with a +0 club.
* * * LOW HITPOINT WARNING * * *
It was a potion of curing.
You feel better. The gnoll hits you but does no damage.
As you read the scroll labelled SOTOVY UGOC, it crumbles to dust.
It is a scroll of enchant armour.
Your +1 ring mail of willpower glows green for a moment.
The gnoll hits you with a +0 club.
* * * LOW HITPOINT WARNING * * *
As you read the scroll labelled RYNI QEFORGHA, it crumbles to dust.
It is a scroll of identify.
k - a scroll of immolation The gnoll hits you with a +0 club.
* * * LOW HITPOINT WARNING * * *
You closely miss the gnoll. Your headbutt misses the gnoll.
The gnoll barely misses you.
Unknown command.
You hit the gnoll.
You headbutt the gnoll, but do no damage.
The gnoll is lightly wounded.
The gnoll barely misses you. You furiously retaliate!
You headbutt the gnoll.
Unknown command.
You hit the gnoll.
The gnoll is heavily wounded.
The gnoll hits you but does no damage. The gnoll hits you with a +0 club.
You die...

....####.#.P♣♣
... #.#P♣♣ . #†#
( #.# .♣ #.# .
## #.# g.
♣♣♣.♣###.# .
♣.....##.###....
♣@g.........
♣###........
#......##
#......#
#......#
#........
##.......
.......


You could see a gnoll.

Vanquished Creatures
  2 adders
  An adder skeleton (D:2)
  2 worms (D:2)
  A dart slug (D:2)
  2 ball pythons (D:1)
  4 endoplasms
  4 giant cockroaches (D:1)
  4 goblins
  7 hobgoblins
  2 ball python skeletons (D:2)
  10 bats
  2 frilled lizards (D:2)
  A jackal skeleton (D:2)
  5 kobolds
  A quokka zombie (D:2)
  3 rats
51 creatures vanquished.

Vanquished Creatures (others)
  A plant (D:3)
1 creature vanquished.

Grand Total: 52 creatures vanquished

Notes
Turn   | Place    | Note
-------+----------+-------------------------------------------
     0 | D:1      | cbfl8 the Minotaur Wanderer began the quest for the Orb.
     0 | D:1      | cbfl8 set off with the following items: a +0 club, a +0
                  | ring mail; and the following spells available to memorise:
                  | Freeze, Corona, Frozen Ramparts, Ozocubu's Armour, Tukima's
                  | Dance, Hailstorm
     0 | D:1      | Reached XP level 1. HP: 16/16 MP: 1/1
   179 | D:1      | Reached XP level 2. HP: 23/23 MP: 2/2
   191 | D:1      | Found a faded altar of an unknown god.
   416 | D:1      | Reached skill level 3 in Armour
   581 | D:1      | Reached skill level 1 in Maces & Flails
   585 | D:1      | Reached XP level 3. HP: 11/28 MP: 3/3
  1633 | D:2      | Reached XP level 4. HP: 35/35 MP: 4/4
  1933 | D:3      | Slain by a gnoll

Illustrated notes

Levels and vault maps discovered:
D:1:      lightli_molten_gateway, layout_rooms, ebering_ecumenical_altar_box,
          minmay_hedge_maze, minmay_worlds_worst_comb
D:2:      layout_rooms, serial_undead, serial_undead_c, serial_undead_e,
          serial_undead_f, serial_undead_f
D:3:      layout_basic, serial_forest, infiniplex_forest_clump_large,
          infiniplex_forest_clump_tiny, infiniplex_forest_corner_2,
          infiniplex_forest_clump_C, infiniplex_forest_side_room,
          infiniplex_forest_lined_corner, infiniplex_forest_lined_3,
          minmay_bisected, uniq_terence

Skill      XL: |  1  2  3 |
---------------+----------+-----
Armour         | 3 |  3.6
Maces & Flails | 1 2 |  2.2
Fighting       | |  1.4
Throwing       | |  1.1
Dodging        | |  0.6
Spellcasting   | |  1.1
Summonings     | |  1.9
Ice Magic      | |  1.5
Evocations     | |  1.0

Action                   |  1- 3 |  4- 6 || total
-------------------------+-------+-------++-------
Melee: Club              |   111 |    15 ||   126
       Headbutt          |    11 |     4 ||    15
  Use: Potion            |       |     4 ||     4
       Scroll            |       |     2 ||     2
Armor: Ring mail         |    78 |    10 ||    88
Dodge: Dodged            |   101 |    13 ||   114
